Workbook
Name AÑOS: Hoja3!$F$3:$F$6
Name DÍAS: Hoja3!$B$3:$B$33
Name MESES: Hoja3!$D$3:$D$14
Name PUNTOS: Hoja3!$H$3:$H$7
Name RESULTADO: #REF!

Sheet MAURICIO
D1: CAJA DE SUELDOS DE RETIRO DE LA POLICÍA NACIONAL.
D2: PROCESO GESTIÓN CONTRACTUAL
D3: INSTRUMENTO EVALUACIÓN PROVEEDORES PRESTACIÓN DE SERVICIOS GESTIÓN
D4: Código: PGC-FR-007 | R4: VERSIÓN: 3
A6: CONTRATISTA | E6: JAVIER MAURICIO MOJICA MEDINA | U6: IDENTIFICACIÓN | Z6: 11448034
A8: REP. LEGAL | U8: IDENTIFICACIÓN
A10: CONTRATO | E10: 169 | F10: =CONCATENATE(,21000000+E10,"/GAC") -> 21000169/GAC | L10: SUPERVISOR | P10: P.D. LILIANA LOPEZ AVELLA | AC10: ( E )
B13: FECHA DE LA EVALUACIÓN | N13: PERIODO EVALUADO | Z13: EJECUCIÓN
N14: DÍA | P14: MES | T14: AÑO
B15: DÍA | D15: MES | H15: AÑO | N15: 1 | P15: SEPTIEMBRE | T15: 2021 | Z15: SUCESIVA
B16: 5 | D16: OCTUBRE | H16: 2021 | N16: 30 | P16: SEPTIEMBRE | T16: 2021 | Z16: INSTANTÁNEA
A19: CRITERIO | Z19: PUNTAJE | AC19: TOTAL
A20: CALIDAD DEL SERVICIO | F20: Logística: contó con la logística para dar cumplimiento con el objeto del contrato | Z20: 100 | AC20: =+Z20+Z21+Z23+Z25+Z27+Z29 -> 600
F21: Talento humano: el servicio contó con el personal técnico calificado para cumplir las actividades del contrato. | Z21: 100
F23: Servicio: se prestó de acuerdo a lo pactado dentro del contrato en referencia. | Z23: 100
F25: Equipos y herramientas: contó con los equipos y herramientas adecuados para la ejecución del servicio. | Z25: 100
F27: SG-SST: La prestación del servicio se cumplió de acuerdo al Sistema de Seguridad y Salud en el Trabajo de la Entidad. | Z27: 100
F29: Medio Ambiente La prestación del servicio se cumplió de acuerdo al Sistema de Gestión Ambiental de la Entidad. | Z29: 100
A31: TIEMPOS DE ENTREGA | F31: Cumplió con los entregables en el tiempo pactado para la prestación del servicio | Z31: 100
A33: ENTREGABLES | F33: Cumplimiento con el número de entregables pactados | Z33: 100
A35: OPORTUNIDAD DEL SERVICIO | F35: Atendió los requerimientos realizados | Z35: 100 | AC35: =+Z35+Z37 -> 200
F37: La respuesta dada a los requerimientos fue oportuna y de fondo | Z37: 100
A40: OBSERVACIONES Ninguna | Z40: TOTAL | AC40: =+(AC35+Z33+Z31+AC20)/10 -> 100
A43: CRITERIOS QUE SE DEBEN MEJORAR
B45: =IF(A45="•",F20," ")
B46: =IF(A46="•",F21," ")
B47: =IF(A47="•",F23," ")
B48: =IF(A48="•",F25," ")
B49: =IF(A49="•",F27," ")
B50: =IF(A50="•",F29," ")
B51: =IF(A51="•",F31," ")
B52: =IF(A52="•",F33," ")
B53: =IF(A53="•",F35," ")
B54: =IF(A54="•",F37," ")
A57: DECLARACIONES DEL SUPERVISOR
A59: =CONCATENATE(Hoja1!B2,Hoja1!F2,Hoja1!G2,MAURICIO!E10,Hoja1!H2,MAURICIO!E6,Hoja1!H5,Hoja1!F30) -> En mi calidad de supervisor del contrato 169 certifico que la información consignada en la presente evaluación corresponde con el seguimiento que personalmente he adelantado de la ejecución por parte del contratista JAVIER MAURICIO MOJICA MEDINA y en tal virtud lo remito al Grupo de Adquisiciones y Contratos para el trámite de pago del periodo evaluado.
A64: DECLARACIONES DEL CONTRATISTA
A66: =Hoja5!C34 -> He sido notificado del resultado de la evaluación (100) y me comprometo a mantener el rendimiento hasta ahora desempeñado.
A70: =CONCATENATE("NOTIFICADO HOY, ",B16," DE ",D16," DE ",H16,".") -> NOTIFICADO HOY, 5 DE OCTUBRE DE 2021.
H75: =P10 -> P.D. LILIANA LOPEZ AVELLA
H76: =CONCATENATE(L10,Hoja1!F2,MAURICIO!A10," ",MAURICIO!E10) -> SUPERVISOR CONTRATO 169
H81: =Hoja6!C4 -> JAVIER MAURICIO MOJICA MEDINA
H82: =Hoja6!D4 -> 11448034
H83: =Hoja6!E4
H84: =Hoja6!F4
A87: CONTROL DE CAMBIOS
A88: Fecha | D88: Descripción del cambio | Y88: Responsable | AC88: Versión Modificada
A89: 42709 | D89: Se crea versión inicial por la firma Bindiva Consultores SAS | Y89: SUBDIRECTOR ADMINISTRATIVO | AC89: N/A
A90: 31/04/2019 | D90: 1. Se elimina la casilla "Objeto del Contrato". | Y90: COORDINACION GRUPO DE ADQUISICIONES Y CONTRATOS | AC90: 1
D91: 2. Se modifican las casillas de fecha de evaluación, número de contrato, periodo evaluado, información general.
D93: 3. Se elminan las casillas de representante, cargo, rol, evaluación cualitativa.
D94: 4. Se modifica la evaluación cualitativa, creando nuevos criterios de calificación.
D95: 5. Se elimina tabla de resultados de evaluación.
D96: 6. Se elimina escala de calificación.
D97: 7. Se realiza nueva escala de calificación.
D98: 8. Se crea la certificación.
D99: 9. Se añade campo de observaciones.
A100: 43753 | D100: 1. | E100: Se modifica el campo de número del contrato. | Y100: COORDINACION GRUPO DE ADQUISICIONES Y CONTRATOS | AC100: 2
D101: 2. | E101: Se agrega la opción de supervisor ( E ).
D102: 3. | E102: Se adiciona el campo "Criterios que se deben mejorar".
D103: 4. | E103: Se añaden los campos "Declaraciones del supervisor" y "Declaraciones del contratista".
D104: 5. | E104: Se crea escala de valoración (0, 25, 50, 75, 100).
A106: Elaboró | K106: Revisó | U106: Aprobó
A107: NICOLAY DAVID O. ROMANOVSKY C. | K107: DORA ILSA OSPINA OCAMPO | U107: MAGDI YANETH GONZÁLEZ SÁNCHEZ
A111: Grupo de Adquisiciones y Contratos | K111: Jefe Oficina Asesora de Planeación. | U111: Coord. Grupo de Adquisiciones y Contratos

Sheet Hoja1
F1: FALSE
B2: En mi calidad de supervisor | F2: =IF(F1=TRUE," ( E ) "," ") | G2: del contrato | H2: certifico que la información consignada en la presente evaluación corresponde con el seguimiento que personalmente he adelantado de la ejecución por parte del contratista
H5: y en tal virtud lo
G7: MALO | I7: REGULAR | K7: BUENO
G8: remito al Grupo de Adquisiciones y Contratos, para que se adelante el trámite de presunto incumplimiento. | I8: remito al contratista para que se comprometa a mejorar el cumplimiento de las actividades pactadas contractualmente para el próximo periodo evaluado, y al Grupo de Adquisiciones y Contratos para el trámite del pago del periodo evaluado. | K8: remito al Grupo de Adquisiciones y Contratos para el trámite de pago del periodo evaluado.
F19: =MAURICIO!AC40 -> 100
F22: =IF(G22=FALSE,"A","B") -> A | G22: =IF(AND(F19>0,F19<60),G8) -> FALSE
F23: =IF(G23=FALSE,"A","B") -> A | G23: =IF(AND(F19>59,F19<80),I8) -> FALSE
F26: =IF(G26=FALSE,"A","B") -> B | G26: =IF(F19>79,K8) -> remito al Grupo de Adquisiciones y Contratos para el trámite de pago del periodo evaluado.
F30: =VLOOKUP("B",F22:S27,2,FALSE) -> remito al Grupo de Adquisiciones y Contratos para el trámite de pago del periodo evaluado.

Sheet Hoja5
B2: =IF(MAURICIO!Z20<76,"•"," ") | D2: =COUNTIF(MAURICIO!A45:A54,"•") -> 0 | G2: 1
B3: =IF(MAURICIO!Z21<76,"•"," ") | G3: 2 | H3: DOS
B4: =IF(MAURICIO!Z23<76,"•"," ") | G4: 3 | H4: TRES
B5: =IF(MAURICIO!Z25<76,"•"," ") | G5: 4 | H5: CUATRO
B6: =IF(MAURICIO!Z27<76,"•"," ") | G6: 5 | H6: CINCO
B7: =IF(MAURICIO!Z29<76,"•"," ") | G7: 6 | H7: SEIS
B8: =IF(MAURICIO!Z31<76,"•"," ") | G8: 7 | H8: SIETE
B9: =IF(MAURICIO!Z33<76,"•"," ") | G9: 8 | H9: OCHO
B10: =IF(MAURICIO!Z35<76,"•"," ") | G10: 9 | H10: NUEVE
B11: =IF(MAURICIO!Z37<76,"•"," ") | G11: 0
G12: 10 | H12: DIEZ
G14: =VLOOKUP(D2:D2,G2:H12,2,FALSE) -> 0
I16: =IF(G14=" ","el","los") -> los | J16: =IF(G14=" "," ","s ") -> s | K16: =IF(G14=" "," ","n") -> n
C18: He sido notificado del resultado de la evaluación
G20: ( | H20: ) | I20: ,
C22: y me comprometo a | G22: cumplir con | H22: criterio | I22: en la sección "criterios que se deben mejorar" | J22: listado | K22: que se debe | L22: mejorar.
G24: mantener el rendimiento hasta ahora desempeñado.
B29: A | C29: =CONCATENATE(C18,G20,MAURICIO!AC40,H20,Hoja5!C22,Hoja5!G22,Hoja5!I16,G14,G20,D2,H20,Hoja5!H22,J16,J22,Hoja5!J16,Hoja5!I22,".") -> He sido notificado del resultado de la evaluación (100) y me comprometo a cumplir con los0 (0) criterios listados en la sección "criterios que se deben mejorar".
B32: B | C32: =CONCATENATE(C18,G20,MAURICIO!AC40,Hoja5!H20,Hoja5!C22,G24) -> He sido notificado del resultado de la evaluación (100) y me comprometo a mantener el rendimiento hasta ahora desempeñado.
C34: =IF(D2>0,C29,C32) -> He sido notificado del resultado de la evaluación (100) y me comprometo a mantener el rendimiento hasta ahora desempeñado.

Sheet Hoja3
B3: 1 | D3: ENERO | F3: 2019 | H3: 0
B4: 2 | D4: FEBRERO | F4: 2020 | H4: 25
B5: 3 | D5: MARZO | F5: 2021 | H5: 50
B6: 4 | D6: ABRIL | F6: 2022 | H6: 75
B7: 5 | D7: MAYO | H7: 100
B8: 6 | D8: JUNIO
B9: 7 | D9: JULIO
B10: 8 | D10: AGOSTO
B11: 9 | D11: SEPTIEMBRE
B12: 10 | D12: OCTUBRE
B13: 11 | D13: NOVIEMBRE
B14: 12 | D14: DICIEMBRE
B15: 13
B16: 14
B17: 15
B18: 16
B19: 17
B20: 18
B21: 19
B22: 20
B23: 21
B24: 22
B25: 23
B26: 24
... B33: 31

Sheet Hoja6
C4: =IF(MAURICIO!E8="",MAURICIO!E6,MAURICIO!E8) -> JAVIER MAURICIO MOJICA MEDINA | D4: =IF(MAURICIO!E8="",MAURICIO!Z6,(CONCATENATE("IDENTIFICACIÓN ",MAURICIO!Z8))) -> 11448034 | E4: =IF(MAURICIO!E8="","",(CONCATENATE("REPRESENTANTE LEGAL DE ",MAURICIO!E6))) | F4: =IF(MAURICIO!E8="","",(CONCATENATE("IDENTIFICACIÓN ",MAURICIO!Z6)))
